 Dungeon Crawl Stone Soup version 0.29-a0-352-g0917bc69df (webtiles) character file.

Game seed: 735887505084419361

476 quokkamancerX the Stinger (level 7, -5/55 HPs)
             Began as a Naga Venom Mage on Apr 25, 2022.
             Splashed by a jelly's acid (10 damage)
             ... on level 6 of the Dungeon.
             The game lasted 00:33:51 (5674 turns).

quokkamancerX the Stinger (Naga Venom Mage)         Turns: 5674, Time: 00:33:52

Health: -5/55      AC:  3    Str: 10    XL:     7   Next: 10%
Magic:  11/15      EV:  9    Int: 18    God:
Gold:   256        SH:  0    Dex: 11    Spells: 14/17 levels left

rFire   . . .      SeeInvis +   m - +2 short sword (protect)
rCold   . . .      Faith    .   (no shield)
rNeg    . . .      Spirit   .   a - +0 robe
rPois   +          Reflect  .   (no helmet)
rElec   .          Harm     .   (no cloak)
rCorr   .          Rampage  .   (no gloves)
Will    .....                   (no barding)
Stlth   ++........              (no amulet)
HPRegen 0.18/turn               (no ring)
MPRegen 0.14/turn               (no ring)

@: short of breath, very slow
A: AC +2, large, see invisible, deformed body, poison resistance, slowness 2,
spit poison 1, naga tail 1
a: Spit Poison


You were on level 6 of the Dungeon.
You visited 1 branch of the dungeon, and saw 6 of its levels.

You collected 256 gold pieces.

Inventory:

Hand Weapons
 m - a +2 short sword of protection (weapon)
Missiles
 f - 6 poisoned darts
Armour
 a - a +0 robe (worn)
Scrolls
 l - a scroll of silence
 o - 2 scrolls of fear
Potions
 b - a potion of magic
 c - a potion of haste {unknown}
 d - a potion of might {unknown}
 e - 2 potions of curing
 h - 3 potions of flight
 i - 2 potions of brilliance
 j - a potion of lignification {unknown}
 k - 3 potions of attraction
 n - a potion of heal wounds {unknown}


   Skills:
 - Level 1.5 Dodging
 - Level 3.0 Stealth
 + Level 5.8 Spellcasting
 - Level 1.0 Transmutations
 + Level 6.5 Poison Magic


You had 14 spell levels left.
You knew the following spells:

 Your Spells              Type           Power      Damage    Failure   Level
a - Sting                 Tmut/Pois      72%        1d6       2%          1
b - Poisonous Vapours     Pois/Air       32%        N/A       4%          2

Your spell library contained the following spells:

 Spells                   Type           Power      Damage    Failure   Level
 Olgreb's Toxic Radiance  Pois           28%        N/A       9%          4
 Sandblast                Erth           10%        2d5       12%         1
 Passwall                 Tmut/Erth      5%         N/A       16%         2
 Mephitic Cloud           Conj/Pois/Air  13%        N/A       16%         3
 Sublimation of Blood     Necr           5%         N/A       19%         2
 Dazzling Flash           Conj/Hex       10%        N/A       36%         3
 Stone Arrow              Conj/Erth      10%        3d7       36%         3
 Petrify                  Tmut/Erth      7%         N/A       69%         4
 Irradiate                Conj/Tmut      3%         3d14      95%         5
 Agony                    Necr           5%         N/A       98%         5
 Silence                  Hex/Air        2%         N/A       98%         5


Dungeon Overview and Level Annotations

Branches:
Dungeon (6/15)
 Temple: D:4-7

Altars:
Trog

Shops:
D:4 :[[*


Innate Abilities, Weirdness & Mutations

Your serpentine skin is tough. (AC +2)
You have supernaturally acute eyesight. (SInv)
Armour fits poorly on your strangely shaped body.
Your system is resistant to poisons. (rPois)
You cover ground very slowly.
You can spit poison.
You have a snake-like lower body.


Message History

Press: ? - help, Q - select action, (/) - cycle Shift-Dir - straight line, f/p - jelly
Aim: a jelly (moderately wounded, poisoned, 100% to hit)
The sting hits the jelly.
The jelly partially resists.
The jelly is heavily wounded.
The jelly barely misses you. The adder bites you.
* * * LOW HITPOINT WARNING * * *
Aiming: Sting (safe; 2% risk of failure)
Press: ? - help, Q - select action, (/) - cycle Shift-Dir - straight line, f/p - jelly
Aim: a jelly (heavily wounded, poisoned, 100% to hit)
The sting hits the jelly.
The jelly partially resists.
The jelly is severely wounded.
You have got your breath back.
The adder bites you.
* * * LOW HITPOINT WARNING * * *
You are poisoned.
The adder poisons you! The jelly hits you.
* * * LOW HITPOINT WARNING * * *
You are splashed with acid.
* * * LOW HITPOINT WARNING * * *
You feel better. The adder bites you.
* * * LOW HITPOINT WARNING * * *
The jelly barely misses you. The adder bites you.
* * * LOW HITPOINT WARNING * * *
Aiming: Spit Poison (1% risk of failure)
Press: ? - help, Shift-Dir - straight line, f/p - jelly
Aim: a jelly (severely wounded, poisoned, 100% to hit)
The splash of poison hits the jelly.
The jelly is almost dead.
The jelly hits you but does no damage. The adder bites you.
* * * LOW HITPOINT WARNING * * *
Aiming: Sting (safe; 2% risk of failure)
Press: ? - help, Q - select action, (/) - cycle Shift-Dir - straight line, f/p - jelly
Aim: a jelly (almost dead, poisoned, 100% to hit)
The sting hits the jelly.
The jelly partially resists.
The jelly looks even sicker.
The jelly is almost dead.
The adder barely misses you. The jelly hits you.
* * * LOW HITPOINT WARNING * * *
You are splashed with acid!
You die...

# ##.#
####
..... ..#
......#.#
...=..J@#
...##.S.#
#...#
#...#
....#
.....#
......#
.#######


You could see a jelly (very poisoned) and an adder.

Vanquished Creatures
  An ice beast (D:5)
  A scorpion (D:4)
  2 hounds
  2 iguanas
  An orc wizard (D:3)
  3 gnolls (D:4)
  8 adders
  4 worms
  8 orcs
  6 endoplasms
  2 giant cockroaches
  10 goblins
  3 hobgoblins (D:1)
  3 jackals (D:1)
  3 quokkas
  10 ball pythons
  5 bats
  2 frilled lizards
  6 kobolds
  2 rats
82 creatures vanquished.

Notes
Turn   | Place    | Note
-------+----------+-------------------------------------------
     0 | D:1      | quokkamancerX the Naga Venom Mage began the quest for the
                  | Orb.
     0 | D:1      | Reached XP level 1. HP: 15/15 MP: 3/3
   251 | D:1      | Reached XP level 2. HP: 15/22 MP: 2/5
  1242 | D:1      | Reached XP level 3. HP: 17/28 MP: 5/7
  2491 | D:2      | Reached XP level 4. HP: 36/36 MP: 7/9
  2942 | D:3      | Found a faded altar of an unknown god.
  3357 | D:3      | Reached XP level 5. HP: 29/42 MP: 7/11
  3873 | D:4      | Reached skill level 5 in Spellcasting
  3875 | D:4      | Found Vofob's Antique Armour Emporium.
  3929 | D:4      | Reached skill level 5 in Poison Magic
  4140 | D:4      | Reached XP level 6. HP: 49/49 MP: 13/13
  4143 | D:4      | Found Peipnat's Armour Boutique.
  4611 | D:4      | Learned a level 2 spell: Poisonous Vapours
  4654 | D:4      | Found Xucluijaqou's Assorted Antiques.
  4972 | D:4      | Found Xuystra's Book Emporium.
  5305 | D:4      | Found a bloodstained altar of Trog.
  5391 | D:5      | Entered Level 5 of the Dungeon
  5587 | D:5      | Reached skill level 6 in Poison Magic
  5635 | D:5      | Noticed an ice beast
  5657 | D:5      | Killed an ice beast
  5658 | D:5      | Reached XP level 7. HP: 23/55 MP: 11/15
  5671 | D:6      | HP: 2/55 [acid (6)]
  5674 | D:6      | Splashed by a jelly's acid

Illustrated notes

Levels and vault maps discovered:
D:1:      minmay_arrival_wavy_path, layout_basic, minivault_24
D:2:      layout_rooms
D:3:      layout_rooms, basic_ecumenical_altar, skrybe_limestone_x
D:4:      layout_basic, kennysheep_mini, chequers_ossuary_entry_cave,
          serial_shops, shop, nicolae_shop_waterfront, nicolae_shop_waterfront,
          nicolae_diamond_shop
D:5:      kennysheep_kobold_camp, layout_cave_pools, minmay_temple_entry_grid
D:6:      layout_loops_corners, uniq_duvessa

Skill      XL: |  1  2  3  4  5  6 |
---------------+-------------------+-----
Spellcasting   | 3 4 5 |  5.8
Poison Magic   | 5 6 |  6.5
Dodging        | |  1.5
Stealth        | |  3.0
Transmutations | |  1.0

Action                   |  1- 3 |  4- 6 |  7- 9 || total
-------------------------+-------+-------+-------++-------
Melee: Dagger            |    36 |    21 |       ||    57
       Short sword       |       |    62 |       ||    62
 Cast: Sting             |    30 |    56 |     3 ||    89
       Poisonous Vapours |       |     3 |       ||     3
 Abil: Spit Poison       |    20 |    41 |     2 ||    63
  Use: Scroll            |       |     6 |       ||     6
       Potion            |       |       |     1 ||     1
 Stab: Sleeping          |     3 |     1 |       ||     4
Armor: Robe              |     7 |    30 |     3 ||    40
Dodge: Dodged            |    24 |    55 |     4 ||    83

Table legend: (Time is in decaauts)
 A = Elapsed time spent in this place.
 B = Non-inter-level travel time spent in this place.
 C = Inter-level travel time spent in this place.
 D = Time resting spent in this place.
 E = Time spent auto-exploring this place.
 F = Levels seen in this place.
 G = Mean time per level.
                   A        B        C        D        E       F      G
               +--------+--------+--------+--------+--------+-----+--------+
         Total |   7044 |   6584 |    460 |   1841 |    746 |   6 | 1174.0 |
       Dungeon |   7044 |   6584 |    460 |   1841 |    746 |   6 | 1174.0 |
               +--------+--------+--------+--------+--------+-----+--------+

Top non-repeatable levels by time:
     D:1: 2524 daAuts
     D:4: 2084 daAuts
     D:3: 1166 daAuts
     D:2: 1076 daAuts
     D:5: 187 daAuts
     D:6: 5 daAuts
